 Dungeon Crawl Stone Soup version 0.14.0-12-g87ee3b7 (webtiles) character file.

5097 4tharraofdagon the Cleaver (level 10, -17/132 HPs)
             Began as a Minotaur Gladiator on Apr 16, 2014.
             Was an Elder of Cheibriados (penitent).
             Demolished by a shadow (18 damage)
             ... created by the darkness of Dithmenos
             ... on Level 10 of the Dungeon.
             The game lasted 00:28:36 (3722 turns).

4tharraofdagon the Cleaver (Minotaur Gladiator)     Turns: 3722, Time: 00:28:37

HP -17/132       AC  7     Str 28      XL: 10   Next: 26%
MP   3/11        EV 14     Int  5      God: *Cheibriados
Gold 209         SH  0     Dex 14      Spells:  0 memorised,  9 levels left

rFire  + . .     SeeInvis .     H - +0 broad axe
rCold  . . .     Clarity  .     e - +0 ring mail
rNeg   . . .     Conserve .     (no shield)
rPois  .         rCorr    .     c - +0 hat
rElec  .         rRot     .     w - +0 cloak
SustAb . .       Spirit   .     G - +0 pair of gloves (curse)
rMut   .         Warding  .     (no boots)
Saprov . . .     Stasis   .     (no amulet)
MR     .....                    v - ring of protection from fire
                                j - +3 ring of dexterity

@: berserking, very slow, not resistant to hostile enchantments, extremely
unstealthy
A: retaliatory headbutt, horns 2
a: Renounce Religion


You were on level 10 of the Dungeon.
You worshipped Cheibriados.
Cheibriados was demanding penance.
You were hungry.

You visited 2 branches of the dungeon, and saw 11 of its levels.
You also visited: Sewer.

You collected 209 gold pieces.

Inventory:

Hand weapons
 a - a +0,+0 war axe
 p - a +2,+0 hand axe
 r - a +0,+0 glaive
 H - a +0,+0 broad axe (weapon)
Missiles
 C - a throwing net (quivered)
Armour
 b - a +0 leather armour
 c - a +0 hat (worn)
 e - a +0 ring mail (worn)
 w - a +0 cloak (worn)
 G - a cursed +0 pair of gloves (worn)
Magical devices
 x - a wand of frost (7)
Comestibles
 f - 8 bread rations
 g - 2 chunks of hippogriff flesh
 h - 3 meat rations
 n - 2 pears
 o - 2 chokos
 q - a sausage
 z - 2 apples
 E - 3 rotting chunks of human flesh
Scrolls
 i - 3 scrolls of remove curse
 k - a scroll of recharging {unknown}
 s - 2 scrolls of amnesia {unknown}
 t - 2 scrolls of vulnerability
 A - a scroll of enchant weapon I
 D - a scroll of holy word {unknown}
 F - 4 scrolls of noise {unknown}
 J - a scroll of silence
 M - a scroll of fog {unknown}
 N - a scroll of enchant weapon II {unknown}
Jewellery
 d - an uncursed ring of invisibility
 j - a +3 ring of dexterity (left hand)
 m - an uncursed ring of flight
 v - a ring of protection from fire (right hand)
Potions
 l - a potion of heal wounds
 B - 2 potions of flight
 I - a potion of experience {unknown}
 K - a potion of restore abilities
Books
 u - a book of Power

   Spells                             Type                      Level
   Fulminant Prism                    Conjuration/Hexes            4
   Iskenderun's Mystic Blast          Conjuration                  4
   Venom Bolt                         Conjuration/Poison           5
   Bolt of Magma                      Conjuration/Fire/Earth       5
   Iron Shot                          Conjuration/Earth            6
   Orb of Destruction                 Conjuration                  7
Rods
 y - a +1 rod of shadows (4/13)
   (You found it on level 8 of the Dungeon)


   Skills:
 + Level 7.7 Fighting
 * Level 11.0 Axes
 - Level 2.0 Throwing
 + Level 7.9 Dodging
 * Level 5.4 Stealth
 + Level 3.6 Invocations
 + Level 4.2 Evocations


You had 9 spell levels left.
You didn't know any spells.

Dungeon Overview and Level Annotations

Branches:
Dungeon (10/15)            Temple (1/1) D:6            Lair (0/8) D:8
    Orc: D:9-12

Altars:
Ashenzari
Cheibriados
Dithmenos
Elyvilon
Fedhas
Makhleb
Nemelex Xobeh
Okawaru
Sif Muna
Trog
Vehumet
Xom
Yredelemnul
Zin
The Shining One

Shops:
D:5 *

Annotations:
D:10 Harold


Innate Abilities, Weirdness & Mutations

You reflexively headbutt those who attack you in melee.
You have a pair of horns on your head.


Message History

You headbutt the shadow demon!
The shadow demon is heavily wounded.
Unknown command.
You slice the shadow demon!! You headbutt the shadow demon.
The shadow demon is almost dead.
The shadow demon hits you!
* * * LOW HITPOINT WARNING * * *
Unknown command.
You miss the shadow demon. Your headbutt misses the shadow demon.
The shadow demon is almost dead.
The shadow demon hits you!
* * * LOW HITPOINT WARNING * * *
Unknown command.
Unknown command.
Unknown command.
You slice the shadow demon!!
You kill the shadow demon!
That felt strangely unrewarding.
The centaur dissolves into shadows!
The shadow strikes at you from the darkness!
You die...

#..........................#
#.@..................>.....#
....%.......h...............
##.#####.#####.##########.#
#. #.# #.# #.# #.# #.# #.#
#.# #.# #%#
#.#####.#####.##########.#
..........@................
#.#####.#####.............
#.# #............. #.#
#............. #.#
#.............
###.#####.............
......................
#########.............
#.............


There were no monsters in sight!

Vanquished Creatures
  A centaur warrior (D:8)
  A shadow demon (D:10)
  Pikel (D:8)
  Joseph (D:9)
  2 shadows (D:10)
  A spriggan (D:8)
  A hippogriff (D:10)
  4 sky beasts
  3 ogres
  2 slaves (D:8)
  A black bear (D:10)
  4 centaurs
  A phantom (D:10)
  2 big kobolds (Sewer)
  Blork the orc (D:9)
  3 giant frogs
  A gnoll sergeant (D:9)
  2 scorpions (D:9)
  6 killer bees (D:9)
  An eye of draining (D:8)
  3 wights (D:6)
  3 crimson imps
  A big fish (D:6)
  An orc priest (D:3)
  5 hounds
  6 orc wizards
  A gnoll shaman (D:2)
  4 iguanas
  5 worker ants
  7 green rats (Sewer)
  14 adders
  6 gnolls (D:9)
  4 shadow imps
  A giant mite (D:9)
  A worm (D:9)
  A giant eyeball (D:5)
  2 giant geckos
  18 orcs
  3 ball pythons
  2 giant cockroaches
  3 goblins
  8 hobgoblins
  13 jackals
  23 kobolds
  6 quokkas
  12 bats
  5 giant newts
  A kobold skeleton (D:6)
  27 rats
225 creatures vanquished.

Vanquished Creatures (others)
  A giant frog (Sewer)
  A shadow imp (D:10)
  A giant spore (Sewer)
  A goblin (D:8)
  A kobold (D:8)
  An orc zombie (D:10)
  11 plants (D:8)
17 creatures vanquished.

Grand Total: 242 creatures vanquished

Notes
Turn   | Place    | Note
--------------------------------------------------------------
     0 | D:1      | 4tharraofdagon, the Minotaur Gladiator, began the quest for the Orb.
     0 | D:1      | Reached XP level 1. HP: 18/18 MP: 1/1
   111 | D:1      | Reached XP level 2. HP: 15/25 MP: 1/1
   139 | D:2      | Reached skill level 4 in Axes
   223 | D:2      | Reached XP level 3. HP: 22/31 MP: 2/2
   446 | D:2      | Reached skill level 5 in Axes
   448 | D:2      | Reached XP level 4. HP: 35/38 MP: 2/2
   773 | D:3      | Reached XP level 5. HP: 15/45 MP: 2/2
   798 | D:4      | Found a bloodstained altar of Trog.
   803 | D:5      | Entered Level 5 of the Dungeon
   814 | D:5      | Reached skill level 6 in Axes
  1002 | D:5      | Noticed a centaur
  1016 | D:5      | Killed a centaur
  1016 | D:5      | Reached XP level 6. HP: 35/52 MP: 3/3
  1036 | D:5      | Paralysed by a giant eyeball for 2 turns
  1057 | D:5      | Found Qinamaypt's General Store.
  1097 | D:5      | Noticed a sky beast
  1158 | D:5      | HP: 1/53 [something (5)]
  1162 | D:5      | Killed a sky beast
  1162 | D:5      | Reached skill level 7 in Axes
  1162 | D:5      | Reached skill level 5 in Dodging
  1337 | D:6      | Reached XP level 7. HP: 16/60 MP: 3/3
  1535 | D:7      | Reached skill level 5 in Fighting
  1615 | D:7      | Reached skill level 8 in Axes
  1764 | D:6      | Found a staircase to the Ecumenical Temple.
  1773 | Temple   | Entered the Ecumenical Temple
  1810 | Temple   | Became a worshipper of Dithmenos the Shadowed
  1936 | D:6      | Found a snail-covered altar of Cheibriados.
  1952 | D:6      | Fell from the grace of Dithmenos
  1952 | D:6      | Became a worshipper of Cheibriados the Contemplative
  2039 | D:6      | Reached skill level 1 in Stealth
  2045 | D:6      | Found a glowing drain.
  2062 | Sewer    | Entered a sewer
  2164 | Sewer    | Reached skill level 1 in Evocations
  2164 | Sewer    | Reached XP level 8. HP: 58/70 MP: 3/4
  2538 | D:8      | Reached skill level 9 in Axes
  2555 | D:8      | Found a staircase to the Lair.
  2556 | D:8      | Noticed a komodo dragon
  2598 | D:7      | Reached skill level 1 in Invocations
  2646 | D:8      | Noticed a centaur warrior
  2684 | D:8      | Acquired Cheibriados' first power
  2739 | D:8      | Found an iron altar of Okawaru.
  2863 | D:8      | Reached XP level 9. HP: 53/78 MP: 8/8
  2901 | D:8      | Identified a +1 rod of shadows (13/13) (You found it on level 8 of the Dungeon)
  2926 | D:8      | Killed a centaur warrior
  3017 | D:9      | Noticed a six-headed hydra
  3076 | D:9      | Reached skill level 10 in Axes
  3088 | D:9      | Noticed Joseph
  3106 | D:9      | Killed Joseph
  3116 | D:9      | Acquired Cheibriados' second power
  3198 | D:9      | Noticed Blork the orc
  3206 | D:9      | Killed Blork the orc
  3274 | D:9      | Noticed a hill giant
  3386 | D:9      | Reached XP level 10. HP: 18/86 MP: 9/10
  3412 | D:10     | Entered Level 10 of the Dungeon
  3412 | D:10     | Noticed Harold
  3440 | D:8      | Noticed Pikel
  3462 | D:8      | Killed Pikel
  3462 | D:8      | Reached skill level 5 in Stealth
  3673 | D:10     | Reached skill level 11 in Axes
  3682 | D:10     | Acquired Cheibriados' third power
  3691 | D:10     | Noticed a shadow demon
  3717 | D:10     | Was placed under penance by Cheibriados
  3721 | D:10     | HP: 1/132 [shadow demon[the darkness of Dithmenos] (13)]
  3722 | D:10     | Killed a shadow demon
  3722 | D:10     | Demolished by a shadow

Action                   |  1- 3 |  4- 6 |  7- 9 | 10-12 || total
-------------------------+-------+-------+-------+-------++-------
Melee: War axe           |    35 |    80 |   170 |       ||   285
       Broad axe         |       |       |    50 |    44 ||    94
Throw: Throwing net      |     3 |     8 |     4 |     2 ||    17
Invok: Step From Time    |       |       |       |     1 ||     1
Evoke: Wand              |       |       |     3 |       ||     3
       Rod               |       |       |     2 |     2 ||     4
  Use: Potion            |     2 |     2 |     8 |     6 ||    18
       Scroll            |       |     3 |    10 |     1 ||    14
 Stab: Held in net/web   |       |     1 |     2 |       ||     3
       Sleeping          |       |       |     1 |       ||     1
       Distracted        |       |       |     1 |       ||     1
